 Dungeon Crawl Stone Soup version 0.22.0-78-g6c94d2c (webtiles) character file.

12806 Cavalorn the Fighter (level 11, -2/89 HPs)
             Began as a Gnoll Wanderer on Sept 16, 2018.
             Was an Initiate of Gozag.
             Slain by a death yak (19 damage)
             ... on level 10 of the Dungeon on Sept 17, 2018.
             The game lasted 02:15:10 (13365 turns).

Cavalorn the Fighter (Gnoll Wanderer)              Turns: 13365, Time: 02:15:11

Health: -2/89      AC: 15    Str: 16    XL:     11   Next: 99%
Magic:  14/21      EV: 14    Int: 16    God:    Gozag
Gold:   1446       SH:  0    Dex: 15    Spells: 10/23 levels left

rFire    . . .     SeeInvis .     - Unarmed
rCold    . . .     Gourm    .   (no shield)
rNeg     . . .     Faith    .   a - +2 scale mail
rPois    +         Spirit   .   D - +0 helmet
rElec    .         Reflect  .   h - +0 cloak
rCorr    .         Harm     .   i - +1 pair of gloves
MR       .....                  (no boots)
Stlth    ++........             g - amulet of regeneration
HPRegen  0.64/turn              o - ring of flight
MPRegen  0.17/turn              G - ring of poison resistance

@: confusing touch, very slightly contaminated
A: distributed training, fangs 1, strong nose
a: Potion Petition, Call Merchant, Bribe Branch, Renounce Religion, Evoke Flight


You were on level 10 of the Dungeon.
You worshipped Gozag.
Gozag was most pleased with you.
You were not hungry.

You visited 1 branch of the dungeon, and saw 11 of its levels.
You also visited: Ossuary and Bailey.

You collected 2412 gold pieces.
You spent 905 gold pieces at shops.
You paid 61 gold pieces to Gozag.

Inventory:

Hand Weapons
 b - a +0 hand crossbow
 k - a +2 hand axe of electrocution
 L - a +0 blowgun
 R - a +1 glaive
 U - a +2 shortbow of velocity
Missiles
 c - 58 bolts
 O - 72 tomahawks of returning (quivered)
 P - 33 poisoned needles
 Q - 71 arrows
Armour
 a - a +2 scale mail (worn)
 h - a +0 cloak (worn)
 i - a +1 pair of gloves (worn)
 D - a +0 helmet (worn)
 S - a +0 leather armour of fire resistance
 T - a +0 buckler
Jewellery
 g - an amulet of regeneration (around neck)
 o - a ring of flight (left hand)
 F - an uncursed amulet of guardian spirit
 G - a ring of poison resistance (right hand)
Wands
 n - a wand of flame (26)
 I - a wand of disintegration (15)
 N - a wand of random effects (45)
 W - a wand of enslavement (8)
 Y - a wand of digging (5)
Scrolls
 d - 4 scrolls of teleportation
 j - 5 scrolls of remove curse
 q - a scroll of random uselessness {unknown}
 r - 4 scrolls of enchant weapon {unknown}
 s - a scroll of blinking {unknown}
 t - 3 scrolls of noise {unknown}
 v - 7 scrolls of enchant armour {unknown}
 w - 2 scrolls of magic mapping {unknown}
 y - a scroll of fear {unknown}
 B - 8 scrolls of identify
 E - 2 scrolls of fog {unknown}
 M - 2 scrolls of amnesia {unknown}
 X - a scroll of immolation {unknown}
 Z - a scroll of acquirement {unknown}
Potions
 e - a potion of agility
 l - 12 potions of curing
 m - 4 potions of mutation {unknown}
 p - 4 potions of degeneration {unknown}
 u - 4 potions of magic {unknown}
 x - 2 potions of might {unknown}
 z - 8 potions of heal wounds {unknown}
 A - 2 potions of lignification {unknown}
 C - 3 potions of brilliance {unknown}
 H - a potion of flight {unknown}
 J - a potion of haste
 K - a potion of berserk rage {unknown}
Comestibles
 f - 21 rations


   Skills:
 + Level 9.4 Fighting
 + Level 6.7 Short Blades
 + Level 6.7 Long Blades
 + Level 6.7 Axes
 + Level 6.7 Maces & Flails
 + Level 6.7 Polearms
 + Level 6.7 Staves
 + Level 6.7 Slings
 + Level 6.7 Bows
 + Level 7.2 Crossbows
 + Level 6.7 Throwing
 + Level 8.2 Armour
 + Level 8.2 Dodging
 + Level 7.1 Stealth
 + Level 7.2 Shields
 + Level 6.7 Unarmed Combat
 + Level 6.7 Spellcasting
 + Level 5.5 Conjurations
 + Level 5.5 Hexes
 + Level 5.5 Charms
 + Level 5.5 Summonings
 + Level 5.5 Necromancy
 + Level 5.5 Translocations
 + Level 5.5 Transmutations
 + Level 5.5 Fire Magic
 + Level 5.5 Ice Magic
 + Level 5.5 Air Magic
 + Level 5.5 Earth Magic
 + Level 5.5 Poison Magic
 + Level 7.3 Invocations
 + Level 6.7 Evocations


You had 10 spell levels left.
You knew the following spells:

 Your Spells              Type           Power        Failure   Level  Hunger
a - Confusing Touch       Hex            ###...       4%          1    None
b - Blink                 Tloc           N/A          6%          2    None
c - Call Imp              Summ           ###.....     6%          2    None
d - Slow                  Hex            ###.....     6%          2    None
e - Conjure Flame         Conj/Fire      ###.....     12%         3    ##.....
f - Mephitic Cloud        Conj/Pois/Air  ###.....     12%         3    ##.....

Your spell library contained the following spells:

 Spells                   Type           Power        Failure   Level  Hunger
 Animate Skeleton         Necr           N/A          4%          1    None
 Apportation              Tloc           ###...       4%          1    None
 Magic Dart               Conj           ###.         4%          1    None
 Summon Small Mammal      Summ           ###.         4%          1    None
 Irradiate                Conj/Tmut      ###.......   73%         5    #####..
 Hydra Form               Tmut           ###.......   99%         6    #######
 Statue Form              Tmut/Erth      ###......    99%         6    #######
 Dragon Form              Tmut           ###.......   100%        7    #######


Dungeon Overview and Level Annotations

Branches:
Dungeon (11/15)            Temple (0/1) D:7
   Lair: D:8-11         Orc: D:9-12

Altars:
Dithmenos
Elyvilon
Fedhas
Gozag
Hepliaklqana
Makhleb
Nemelex Xobeh
Sif Muna
Trog
Uskayaw
Vehumet
Xom
Yredelemnul
The Shining One

Shops:
D:8 ([   D:9 :

Annotations:
D:8 1 runed door, skk's ghost, novice TrMo
D:10 1 runed door, Setanta's ghost, journeyman GnFi


Innate Abilities, Weirdness & Mutations

Your experience applies equally to all skills.
You have very sharp teeth.
Your uncanny sense of smell can sniff out nearby items.


Message History

Casting: Mephitic Cloud (safe; 12% risk of failure)
Confirm with . or Enter, or press ? or * to list all spells.
Your hands begin to glow red.
The death yak gores you but does no damage.
You barely miss the death yak.
The death yak is heavily wounded.
The death yak gores you but does no damage.
You hit the death yak but do no damage.
You bite the death yak, but do no damage.
The death yak is heavily wounded.
The death yak gores you!!
* * * LOW HITPOINT WARNING * * *
You hit the death yak but do no damage.
The death yak is heavily wounded.
The death yak barely misses you.
You hit the death yak but do no damage. Your bite misses the death yak.
The death yak is heavily wounded.
The death yak gores you!!
You die...
Your body crumbles into a pile of gold.

#.......# ###..(..#############
############# #..(............)..
..#.........# #.>...........)####
#.#.........###.....##.......#
#.#<...........§....##.......#
#.#.........##.§§...##.......####
#.#.........##..Y...##.......#...
#.#.........##..@...##.......#...
#.#.....≈≈..##.#.#####.......#...
#.#......≈≈.##.#.# #.......#...
#........≈≈.'..#.# ##♣♣♣♣..##...
###.........####.# #.♣..♣♣♣♣....
# #.........##≈#.####.#♣♣ .♣♣♣...
# ###...#####≈≈≈.#≈≈#.⌠#♣....♣...
# #...# #≈≈≈≈.......#hh...♣### #
#...# #≈≈≈≈≈≈≈≈...+♣♣.♣.♣


You could see a death yak.

Vanquished Creatures
  2 two-headed ogres
  2 centaur warriors
  Nergalle (D:10)
  Pikel (D:4)
  A manticore (D:8)
  Grinder (D:3)
  Prince Ribbit (D:8)
  2 hippogriffs
  Sigmund (D:5)
  A wyvern (D:10)
  4 yaks (D:10)
  A human (D:9)
  Grum (D:9)
  4 hungry ghosts
  Menkaure (Ossuary)
  Edmund (D:5)
  3 sky beasts
  5 orc warriors
  A phantom (D:7)
  5 ogres
  An eye of draining (D:10)
  4 wolves (D:9)
  7 centaurs
  Blork the orc (D:9)
  A big kobold (D:10)
  7 bullfrogs
  A gnoll sergeant (D:8)
  A wyvern zombie (D:7)
  6 scorpions
  A wyvern skeleton (D:7)
  11 killer bees
  5 wights (D:10)
  3 howler monkeys (D:9)
  5 electric eels
  6 crimson imps
  2 centaur zombies
  A bullfrog zombie (D:8)
  5 hounds
  3 jellies
  8 orc priests
  6 orc wizards
  Ijyb (D:5)
  2 iguanas
  13 worker ants
  Natasha (thrice) (D:4)
  A hound skeleton (D:4)
  3 mummies (Ossuary)
  24 gnolls
  2 howler monkey skeletons
  16 adders
  2 shadow imps
  2 worms
  4 dart slugs
  6 leopard geckos
  46 orcs
  8 bats
  4 giant cockroaches
  3 gnoll zombies (Ossuary)
  10 goblins
  17 hobgoblins
  14 jackals
  3 quokkas
  A ball python (D:7)
  A ball python skeleton (D:4)
  5 frilled lizards
  5 gnoll skeletons (Ossuary)
  2 goblin skeletons (Ossuary)
  2 goblin zombies (Ossuary)
  5 hobgoblin skeletons (Ossuary)
  A hobgoblin zombie (Ossuary)
  19 kobolds
  3 kobold skeletons (Ossuary)
  3 kobold zombies (Ossuary)
  A leopard gecko skeleton (D:4)
  A leopard gecko zombie (D:5)
  2 orc skeletons (Ossuary)
  7 orc zombies (Ossuary)
  A quokka zombie (D:10)
  4 rats
  A rat skeleton (Ossuary)
  3 rat zombies (Ossuary)
375 creatures vanquished.

Vanquished Creatures (others)
  2 goblin zombies (Ossuary)
  3 hobgoblin skeletons (Ossuary)
  A hobgoblin zombie (Ossuary)
  2 kobold skeletons (Ossuary)
  2 kobold zombies (Ossuary)
  An orc skeleton (Ossuary)
  An orc zombie (Ossuary)
  A rat skeleton (Ossuary)
  5 plants (D:10)
18 creatures vanquished.

Grand Total: 393 creatures vanquished

Notes
Turn   | Place    | Note
-------+----------+-------------------------------------------
     0 | D:1      | Cavalorn the Gnoll Wanderer began the quest for the Orb.
     0 | D:1      | Cavalorn set off with: a +2 scale mail, a +0 hand crossbow,
                  | 25 bolts, a scroll of teleportation, a ration
     0 | D:1      | Reached XP level 1. HP: 23/23 MP: 1/1
   148 | D:1      | Reached XP level 2. HP: 29/29 MP: 2/2
   846 | D:2      | Reached XP level 3. HP: 27/35 MP: 3/3
   852 | D:2      | Reached skill level 1 in Invocations
  1019 | D:2      | Reached skill level 1 in Short Blades
  1019 | D:2      | Reached skill level 1 in Long Blades
  1019 | D:2      | Reached skill level 1 in Axes
  1019 | D:2      | Reached skill level 1 in Maces & Flails
  1019 | D:2      | Reached skill level 1 in Polearms
  1019 | D:2      | Reached skill level 1 in Staves
  1019 | D:2      | Reached skill level 1 in Slings
  1019 | D:2      | Reached skill level 1 in Bows
  1019 | D:2      | Reached skill level 1 in Throwing
  1019 | D:2      | Reached skill level 1 in Unarmed Combat
  1019 | D:2      | Reached skill level 1 in Spellcasting
  1019 | D:2      | Reached skill level 1 in Evocations
  1019 | D:2      | Reached XP level 4. HP: 37/41 MP: 5/5
  1037 | D:2      | Reached skill level 1 in Conjurations
  1037 | D:2      | Reached skill level 1 in Hexes
  1037 | D:2      | Reached skill level 1 in Charms
  1037 | D:2      | Reached skill level 1 in Summonings
  1037 | D:2      | Reached skill level 1 in Necromancy
  1037 | D:2      | Reached skill level 1 in Translocations
  1037 | D:2      | Reached skill level 1 in Transmutations
  1037 | D:2      | Reached skill level 1 in Fire Magic
  1037 | D:2      | Reached skill level 1 in Ice Magic
  1037 | D:2      | Reached skill level 1 in Air Magic
  1037 | D:2      | Reached skill level 1 in Earth Magic
  1037 | D:2      | Reached skill level 1 in Poison Magic
  1037 | D:2      | Reached XP level 5. HP: 46/47 MP: 6/6
  1046 | D:2      | Found a white marble altar of Elyvilon.
  1777 | D:3      | Noticed a hungry ghost
  1792 | D:3      | Killed a hungry ghost
  1792 | D:3      | Reached XP level 6. HP: 51/53 MP: 8/8
  1876 | D:3      | Reached skill level 5 in Armour
  1876 | D:3      | Reached skill level 5 in Dodging
  1930 | D:3      | Noticed Grinder
  1949 | D:3      | Paralysed by Grinder for 2 turns
  1956 | D:3      | Paralysed by Grinder for 6 turns
  1967 | D:3      | Paralysed by Grinder for 4 turns
  2316 | D:3      | Found a glowing golden altar of the Shining One.
  2316 | D:3      | Found a basalt altar of Yredelemnul.
  2327 | D:3      | Found a hide-covered altar of Uskayaw.
  2340 | D:3      | Found a sparkling altar of Nemelex Xobeh.
  2340 | D:3      | Found a shadowy altar of Dithmenos.
  2342 | D:3      | Found a radiant altar of Vehumet.
  2342 | D:3      | Found a burning altar of Makhleb.
  2343 | D:3      | Found a blossoming altar of Fedhas.
  2663 | D:3      | Found a shimmering altar of Xom.
  2728 | D:3      | Paralysed by Grinder for 4 turns
  2739 | D:3      | Killed Grinder
  2739 | D:3      | Reached skill level 7 in Fighting
  2739 | D:3      | Reached XP level 7. HP: 39/60 MP: 10/10
  2872 | D:4      | Found a sand-covered staircase.
  2896 | Ossuary  | Entered an ossuary
  3200 | Ossuary  | Noticed Menkaure
  3235 | Ossuary  | Killed Menkaure
  3575 | D:4      | Reached XP level 8. HP: 57/67 MP: 12/12
  3723 | D:4      | Noticed Natasha
  3845 | D:4      | Found an opulent altar of Gozag.
  3859 | D:4      | Became a worshipper of Gozag Ym Sagoz the Greedy
  4304 | D:4      | Killed Natasha
  4307 | D:4      | Noticed Natasha
  4309 | D:4      | Killed Natasha
  4369 | D:4      | Noticed Pikel
  4378 | D:4      | Killed Pikel
  4461 | D:4      | Noticed Natasha
  4472 | D:4      | Killed Natasha
  4621 | D:5      | Entered Level 5 of the Dungeon
  4697 | D:5      | Noticed Ijyb
  4704 | D:5      | Killed Ijyb
  4836 | D:5      | Reached XP level 9. HP: 72/72 MP: 14/14
  4962 | D:5      | Noticed Edmund
  5022 | D:5      | Killed Edmund
  5258 | D:5      | Noticed Sigmund
  5264 | D:5      | Killed Sigmund
  5814 | D:6      | Noticed a two-headed ogre
  5836 | D:6      | Killed a two-headed ogre
  5836 | D:6      | Reached skill level 8 in Fighting
  5836 | D:6      | Reached skill level 5 in Crossbows
  5836 | D:6      | Reached skill level 5 in Stealth
  5836 | D:6      | Reached skill level 5 in Shields
  5872 | D:6      | Reached skill level 5 in Invocations
  5976 | D:6      | Found a bloodstained altar of Trog.
  6004 | D:6      | Found a shimmering altar of Xom.
  6012 | D:6      | Learned a level 1 spell: Confusing Touch
  6172 | D:6      | Found a shimmering altar of Xom.
  6173 | D:6      | Found a shimmering altar of Xom.
  6231 | D:6      | Found a shimmering altar of Xom.
  6233 | D:6      | Found a shimmering altar of Xom.
  6419 | D:6      | Reached XP level 10. HP: 76/80 MP: 17/17
  6880 | D:7      | Found a staircase to the Ecumenical Temple.
  6952 | D:7      | Learned a level 2 spell: Blink
  6955 | D:7      | Learned a level 2 spell: Call Imp
  6958 | D:7      | Learned a level 2 spell: Slow
  6962 | D:7      | Learned a level 3 spell: Conjure Flame
  6966 | D:7      | Learned a level 3 spell: Mephitic Cloud
  7280 | D:7      | Reached skill level 5 in Short Blades
  7280 | D:7      | Reached skill level 5 in Long Blades
  7280 | D:7      | Reached skill level 5 in Axes
  7280 | D:7      | Reached skill level 5 in Maces & Flails
  7280 | D:7      | Reached skill level 5 in Polearms
  7280 | D:7      | Reached skill level 5 in Staves
  7280 | D:7      | Reached skill level 5 in Slings
  7280 | D:7      | Reached skill level 5 in Bows
  7280 | D:7      | Reached skill level 5 in Throwing
  7280 | D:7      | Reached skill level 5 in Unarmed Combat
  7280 | D:7      | Reached skill level 5 in Spellcasting
  7280 | D:7      | Reached skill level 5 in Evocations
  7310 | D:7      | Found a flagged portal.
  7322 | Bailey   | Entered a bailey
  8340 | D:8      | Found Faizoyc's Antique Weapon Emporium.
  8354 | D:8      | Bought a pitted arbalest for 275 gold pieces
  8354 | D:8      | Identified the cursed +1 arbalest of Ifiruell {penet, *Slow
                  | +Fly rC+++ Dex-5} (You bought it in a shop on level 8 of
                  | the Dungeon)
  8831 | D:8      | Found Biohik's Armour Boutique.
  8953 | D:8      | Found a hazy altar of Hepliaklqana.
  9049 | D:8      | Noticed Prince Ribbit
  9064 | D:8      | Killed Prince Ribbit
  9135 | D:8      | Noticed a manticore
  9145 | D:8      | Killed a manticore
  9489 | D:8      | Found a runed door.
  9490 | D:8      | Found a shimmering altar of Xom.
  9490 | D:8      | Noticed skk's ghost (novice TrMo)
  9491 | D:8      | Noticed a mace of chaos
  9677 | D:8      | Found Susmauc's Food Shop.
  9681 | D:8      | Bought a ration for 70 gold pieces
  9681 | D:8      | Bought a ration for 70 gold pieces
  9681 | D:8      | Bought a ration for 70 gold pieces
  9681 | D:8      | Bought a ration for 70 gold pieces
  9681 | D:8      | Bought a ration for 70 gold pieces
  9681 | D:8      | Bought a ration for 70 gold pieces
  9681 | D:8      | Bought a ration for 70 gold pieces
  9681 | D:8      | Bought a ration for 70 gold pieces
  9681 | D:8      | Bought a ration for 70 gold pieces
  9866 | D:9      | Noticed a centaur warrior
  9950 | D:8      | Killed a centaur warrior
  9950 | D:8      | Reached XP level 11. HP: 44/87 MP: 19/19
 10214 | D:9      | Noticed a centaur warrior
 10233 | D:9      | Killed a centaur warrior
 10398 | D:9      | Reached skill level 9 in Fighting
 10574 | D:9      | Reached skill level 5 in Conjurations
 10574 | D:9      | Reached skill level 5 in Hexes
 10574 | D:9      | Reached skill level 5 in Charms
 10574 | D:9      | Reached skill level 5 in Summonings
 10574 | D:9      | Reached skill level 5 in Necromancy
 10574 | D:9      | Reached skill level 5 in Translocations
 10574 | D:9      | Reached skill level 5 in Transmutations
 10574 | D:9      | Reached skill level 5 in Fire Magic
 10574 | D:9      | Reached skill level 5 in Ice Magic
 10574 | D:9      | Reached skill level 5 in Air Magic
 10574 | D:9      | Reached skill level 5 in Earth Magic
 10574 | D:9      | Reached skill level 5 in Poison Magic
 10700 | D:9      | Noticed Blork the orc
 10936 | D:9      | Noticed Grum
 10985 | D:9      | Killed Grum
 11285 | D:9      | Found Xipahiul's Book Boutique.
 11439 | D:9      | Killed Blork the orc
 11459 | D:9      | Found a deep blue altar of Sif Muna.
 11680 | D:10     | Entered Level 10 of the Dungeon
 11911 | D:10     | Noticed Nergalle
 11940 | D:10     | Killed Nergalle
 12573 | D:10     | Noticed a two-headed ogre
 12584 | D:10     | Killed a two-headed ogre
 12750 | D:10     | Found a runed door.
 12752 | D:10     | Noticed Setanta's ghost (journeyman GnFi)
 13313 | D:11     | Noticed a death yak
 13319 | D:11     | Noticed a death yak
 13320 | D:11     | Noticed a death yak
 13365 | D:10     | Slain by a death yak

Skill      XL: |  1  2  3  4  5  6  7  8  9 10 11 |
---------------+----------------------------------+-----
Invocations    | 1 2 3 4 5 6 7 |  7.3
Short Blades   | 1 2 3 4 5 6 |  6.7
Long Blades    | 1 2 3 4 5 6 |  6.7
Axes           | 1 2 3 4 5 6 |  6.7
Maces & Flails | 1 2 3 4 5 6 |  6.7
Polearms       | 1 2 3 4 5 6 |  6.7
Staves         | 1 2 3 4 5 6 |  6.7
Slings         | 1 2 3 4 5 6 |  6.7
Bows           | 1 2 3 4 5 6 |  6.7
Throwing       | 1 2 3 4 5 6 |  6.7
Unarmed Combat | 1 2 3 4 5 6 |  6.7
Spellcasting   | 1 2 3 4 5 6 |  6.7
Evocations     | 1 2 3 4 5 6 |  6.7
Conjurations   | 1 2 3 4 5 |  5.5
Hexes          | 1 2 3 4 5 |  5.5
Charms         | 1 2 3 4 5 |  5.5
Summonings     | 1 2 3 4 5 |  5.5
Necromancy     | 1 2 3 4 5 |  5.5
Translocations | 1 2 3 4 5 |  5.5
Transmutations | 1 2 3 4 5 |  5.5
Fire Magic     | 1 2 3 4 5 |  5.5
Ice Magic      | 1 2 3 4 5 |  5.5
Air Magic      | 1 2 3 4 5 |  5.5
Earth Magic    | 1 2 3 4 5 |  5.5
Poison Magic   | 1 2 3 4 5 |  5.5
Crossbows      | 3 4 5 6 7 |  7.2
Stealth        | 3 4 5 6 7 |  7.1
Shields        | 3 4 5 6 7 |  7.2
Armour         | 5 6 7 8 |  8.2
Dodging        | 5 6 7 8 |  8.2
Fighting       | 7 8 9 |  9.4

Action                   |  1- 3 |  4- 6 |  7- 9 | 10-12 || total
-------------------------+-------+-------+-------+-------++-------
Melee: Short sword       |     7 |       |       |       ||     7
       Hand axe          |    37 |   117 |   172 |   205 ||   531
       Bite              |     4 |     9 |    15 |    28 ||    56
       Punch             |       |       |     3 |     3 ||     6
       Unarmed           |       |       |     8 |    12 ||    20
       Hand crossbow     |       |       |       |    11 ||    11
       War axe           |       |       |       |    67 ||    67
       Glaive            |       |       |       |     7 ||     7
 Fire: Hand crossbow     |     4 |     1 |   116 |   209 ||   330
       Shortbow          |       |       |     7 |   373 ||   380
       Arbalest          |       |       |       |    10 ||    10
       Blowgun           |       |       |       |     1 ||     1
Throw: Tomahawk          |       |       |       |     3 ||     3
 Cast: Confusing Touch   |       |       |     1 |     8 ||     9
       Conjure Flame     |       |       |       |    26 ||    26
       Mephitic Cloud    |       |       |       |    19 ||    19
       Slow              |       |       |       |     8 ||     8
 Abil: Evoke Flight      |       |       |     1 |     1 ||     2
  Use: Scroll            |       |       |     1 |     4 ||     5
 Stab: Distracted        |       |       |     2 |     4 ||     6
       Confused          |       |       |     1 |     2 ||     3
       Sleeping          |       |       |       |     1 ||     1
  Eat: Chunk             |       |     5 |       |       ||     5
       Ration            |       |     1 |     3 |     9 ||    13
Armor: Scale mail        |    29 |    67 |    70 |   112 ||   278
       Ring mail         |       |       |       |   106 ||   106
Dodge: Dodged            |    27 |    64 |    93 |   421 ||   605
Block: Buckler           |       |       |       |    12 ||    12
